3R
CROWLEY CAJUNS @ ELLESMERE ISLAND SNOWPEOPLE
07/14/2032
 
TOP OF THE 1ST
Crowley Cajuns batting - Pitching for Ellesmere Island Snowpeople : RHP Tomás Mata
Pitching: RHP Tomás Mata
Batting: RHB Rich Stevens 0-0: Ball
1-0: Ball
2-0: Foul Ball, location: 2F
2-1: Ball
3-1: Called Strike
3-2: Strikes out swinging
Batting: SHB Eric Thomas 0-0: Ball
1-0: Foul Ball, location: 2F
1-1: Swinging Strike
1-2: Ball
2-2: Ball
3-2: Fly out, F5 (Popup, 25F)
Batting: RHB Lawrence Stokes 0-0: Ball
1-0: Swinging Strike
1-1: Ball
2-1: Ball
3-1: Called Strike
3-2: Strikes out looking
Top of the 1st over - 0 runs, 0 hits, 0 errors, 0 left on base; Crowley 0 - Ellesmere Island 0
BOTTOM OF THE 1ST
Ellesmere Island Snowpeople batting - Pitching for Crowley Cajuns : LHP Gertjan van Hulst
Pitching: LHP Gertjan van Hulst
Batting: LHB Duncan Witteman 0-0: Called Strike
0-1: Ball
1-1: Ball
2-1: Foul Ball, location: 2F
2-2: Strikes out swinging
Batting: RHB Riemer Kila 0-0: Fly out, F6 (Popup, 56)
Batting: RHB Magtanggol Florencio 0-0: Ball
1-0: Swinging Strike
1-1: Swinging Strike
1-2: Ground out 6-3 (Groundball, 6)
Bottom of the 1st over - 0 runs, 0 hits, 0 errors, 0 left on base; Crowley 0 - Ellesmere Island 0
TOP OF THE 2ND
Crowley Cajuns batting - Pitching for Ellesmere Island Snowpeople : RHP Tomás Mata
Batting: LHB Weston Doyle 0-0: Ball
1-0: Fly out, F9 (Flyball, 89D)
Batting: RHB Dane Bernstine 0-0: SINGLE (Flyball, 78S)
Batting: RHB Taqi Marwat 0-0: Called Strike
0-1: Swinging Strike
0-2: Fly out, F9 (Line Drive, 89M)
Batting: RHB Juan Mateo 0-0: Called Strike
0-1: Called Strike
0-2: Ball
1-2: Ground out 1-3 (Groundball, P)
Top of the 2nd over - 0 runs, 1 hit, 0 errors, 1 left on base; Crowley 0 - Ellesmere Island 0
BOTTOM OF THE 2ND
Ellesmere Island Snowpeople batting - Pitching for Crowley Cajuns : LHP Gertjan van Hulst
Batting: RHB Anass Balfakir 0-0: Ball
1-0: Ball
2-0: Ground out U3 (Groundball, 34)
Batting: RHB Ryung Jae-Wook 0-0: Called Strike
0-1: Called Strike
0-2: Ball
1-2: Foul Ball, location: 2F
1-2: SINGLE (Groundball, 56D)
Batting: RHB César Rivera 0-0: Swinging Strike
0-1: Ball
1-1: Foul Ball, location: 2F
1-2: Ball
2-2: Ball
3-2: Fly out, F8 (Flyball, 89D)
Batting: RHB Wen Chua 0-0: Foul Ball, location: 2F
0-1: Foul Ball, location: 2F
0-2: Strikes out swinging
Bottom of the 2nd over - 0 runs, 1 hit, 0 errors, 1 left on base; Crowley 0 - Ellesmere Island 0
TOP OF THE 3RD
Crowley Cajuns batting - Pitching for Ellesmere Island Snowpeople : RHP Tomás Mata
Batting: RHB Luis Medina 0-0: Called Strike
0-1: Swinging Strike
0-2: Strikes out swinging
Batting: RHB Pancho Espinoza 0-0: Ball
1-0: Ground out 4-3 (Groundball, 4M)
Batting: RHB Rich Stevens 0-0: Called Strike
0-1: Ball
1-1: Ball
2-1: Ball
3-1: Fly out, F8 (Flyball, 8LD)
Top of the 3rd over - 0 runs, 0 hits, 0 errors, 0 left on base; Crowley 0 - Ellesmere Island 0
BOTTOM OF THE 3RD
Ellesmere Island Snowpeople batting - Pitching for Crowley Cajuns : LHP Gertjan van Hulst
Batting: SHB Danny Bird 0-0: Swinging Strike
0-1: Foul Ball, location: 2F
0-2: Strikes out swinging
Batting: SHB Armond Buonaiuti 0-0: Ground out 3-1 (Groundball, 34S)
Batting: LHB Duncan Witteman 0-0: Ball
1-0: SINGLE (Line Drive, 6MD)
Batting: RHB Riemer Kila 0-0: Called Strike
Throwing error on steal attempt, E2
Duncan Witteman to third
0-1: Foul Ball, location: 2F
0-2: Strikes out swinging
Bottom of the 3rd over - 0 runs, 1 hit, 1 error, 1 left on base; Crowley 0 - Ellesmere Island 0
TOP OF THE 4TH
Crowley Cajuns batting - Pitching for Ellesmere Island Snowpeople : RHP Tomás Mata
Batting: SHB Eric Thomas 0-0: Fly out, F4 (Line Drive, 4)
Batting: RHB Lawrence Stokes 0-0: Foul Ball, location: 2F
0-1: Called Strike
0-2: Foul Ball, location: 2F
0-2: Ball
1-2: Foul Ball, location: 2F
1-2: Fly out, F7 (Flyball, 7D)
Batting: LHB Weston Doyle 0-0: Foul Ball, location: 2F
0-1: Ground out 4-3 (Groundball, 4)
Top of the 4th over - 0 runs, 0 hits, 0 errors, 0 left on base; Crowley 0 - Ellesmere Island 0
BOTTOM OF THE 4TH
Ellesmere Island Snowpeople batting - Pitching for Crowley Cajuns : LHP Gertjan van Hulst
Batting: RHB Magtanggol Florencio 0-0: Fly out, F9 (Flyball, 9S)
Batting: RHB Anass Balfakir 0-0: Swinging Strike
0-1: Foul Ball, location: 2F
0-2: Ball
1-2: Ball
2-2: Fly out, F4 (Popup, 4S)
Batting: RHB Ryung Jae-Wook 0-0: Called Strike
0-1: Ball
1-1: Foul Ball, location: 2F
1-2: Ball
2-2: Strikes out swinging
Bottom of the 4th over - 0 runs, 0 hits, 0 errors, 0 left on base; Crowley 0 - Ellesmere Island 0
TOP OF THE 5TH
Crowley Cajuns batting - Pitching for Ellesmere Island Snowpeople : RHP Tomás Mata
Batting: RHB Dane Bernstine 0-0: Fly out, F7 (Flyball, 78S)
Batting: RHB Taqi Marwat 0-0: Foul Ball, location: 2F
0-1: Foul Ball, location: 2F
0-2: Ball
1-2: Foul Ball, location: 2F
1-2: Foul Ball, location: 2F
1-2: Ball
2-2: SINGLE (Groundball, 6MD)
Batting: RHB Juan Mateo 0-0: Called Strike
0-1: Grounds into double play, 6-4-3 (Groundball, 6D)
Top of the 5th over - 0 runs, 1 hit, 0 errors, 0 left on base; Crowley 0 - Ellesmere Island 0
BOTTOM OF THE 5TH
Ellesmere Island Snowpeople batting - Pitching for Crowley Cajuns : LHP Gertjan van Hulst
Batting: RHB César Rivera 0-0: Foul Ball, location: 2F
0-1: Swinging Strike
0-2: Fly out, F9 (Flyball, 9LM)
Batting: RHB Wen Chua 0-0: Foul Ball, location: 2F
0-1: Hit by Pitch
Batting: SHB Danny Bird 0-0: Ball
1-0: Ball
2-0: DOUBLE (Line Drive, 8LD)
Wen Chua to third
Batting: SHB Armond Buonaiuti 0-0: Ball
1-0: SINGLE (Groundball, 56)
Wen Chua scores
Danny Bird to third
Runner from 3rd tries for Home, SAFE, throw made home
Batting: LHB Duncan Witteman 0-0: Ball
1-0: Ball
2-0: Called Strike
2-1: Fly out, F8 (Flyball, 8RS)
Batting: RHB Riemer Kila 0-0: Swinging Strike
0-1: Swinging Strike
0-2: Strikes out looking
Bottom of the 5th over - 2 runs, 2 hits, 0 errors, 1 left on base; Crowley 0 - Ellesmere Island 2
TOP OF THE 6TH
Crowley Cajuns batting - Pitching for Ellesmere Island Snowpeople : RHP Tomás Mata
Batting: RHB Luis Medina 0-0: Ball
1-0: Swinging Strike
1-1: Called Strike
1-2: Fly out, F7 (Flyball, 7LMF)
Batting: RHB Pancho Espinoza 0-0: Ball
1-0: Ball
2-0: Foul Ball, location: 2F
2-1: Ball
3-1: Swinging Strike
3-2: Strikes out swinging
Batting: RHB Rich Stevens 0-0: Called Strike
0-1: Ball
1-1: Reached on error, E5 (Groundball, 2L)
Batting: SHB Eric Thomas 0-0: Ball
1-0: Foul Ball, location: 2F
1-1: Swinging Strike
1-2: Ground out 1-3 (Groundball, P)
Top of the 6th over - 0 runs, 0 hits, 1 error, 1 left on base; Crowley 0 - Ellesmere Island 2
BOTTOM OF THE 6TH
Ellesmere Island Snowpeople batting - Pitching for Crowley Cajuns : LHP Gertjan van Hulst
Batting: RHB Magtanggol Florencio 0-0: Called Strike
0-1: Ball
1-1: Swinging Strike
1-2: Ball
2-2: Strikes out swinging
Batting: RHB Anass Balfakir 0-0: Ground out 6-3 (Groundball, 6)
Batting: RHB Ryung Jae-Wook 0-0: DOUBLE (Line Drive, 9D)
Batting: RHB César Rivera 0-0: Called Strike
0-1: Ball
1-1: Ball
2-1: Foul Ball, location: 2F
2-2: Ball
3-2: Base on Balls
Batting: RHB Wen Chua 0-0: Called Strike
0-1: Fly out, F6 (Line Drive, 6)
Bottom of the 6th over - 0 runs, 1 hit, 0 errors, 2 left on base; Crowley 0 - Ellesmere Island 2
TOP OF THE 7TH
Crowley Cajuns batting - Pitching for Ellesmere Island Snowpeople : RHP Tomás Mata
Pitching: RHP George Kipcak
Batting: RHB Lawrence Stokes 0-0: Ball
1-0: Called Strike
1-1: Called Strike
1-2: Ball
2-2: Strikes out looking
Batting: LHB Weston Doyle 0-0: Foul Ball, location: 2F
0-1: Called Strike
0-2: Foul Ball, location: 2F
0-2: Fly out, F9 (Flyball, 89S)
Batting: RHB Dane Bernstine 0-0: Ball
1-0: Foul Ball, location: 2F
1-1: Fly out, F8 (Flyball, 8RS)
Top of the 7th over - 0 runs, 0 hits, 0 errors, 0 left on base; Crowley 0 - Ellesmere Island 2
BOTTOM OF THE 7TH
Ellesmere Island Snowpeople batting - Pitching for Crowley Cajuns : LHP Gertjan van Hulst
Batting: SHB Danny Bird 0-0: Ball
1-0: Ball
2-0: Called Strike
2-1: Fly out, F8 (Flyball, 8LM)
Batting: SHB Armond Buonaiuti 0-0: Ball
1-0: Foul Ball, location: 2F
1-1: Fly out, F8 (Flyball, 8LD)
Batting: LHB Duncan Witteman 0-0: Fly out, F6 (Flyball, 6D)
Bottom of the 7th over - 0 runs, 0 hits, 0 errors, 0 left on base; Crowley 0 - Ellesmere Island 2
TOP OF THE 8TH
Crowley Cajuns batting - Pitching for Ellesmere Island Snowpeople : RHP George Kipcak
Batting: RHB Taqi Marwat 0-0: Called Strike
0-1: Called Strike
0-2: Strikes out looking
Batting: RHB Juan Mateo 0-0: Ball
1-0: Ground out 4-3 (Groundball, 4)
Batting: RHB Luis Medina 0-0: Ball
1-0: Swinging Strike
1-1: Ball
2-1: Ball
3-1: Called Strike
3-2: SOLO HOME RUN (Flyball, 7LD), Distance : 351 ft
Batting: RHB Pancho Espinoza 0-0: Ball
1-0: Called Strike
1-1: Called Strike
1-2: Foul Ball, location: 2F
1-2: Ball
2-2: Ball
3-2: Strikes out looking
Top of the 8th over - 1 run, 1 hit, 0 errors, 0 left on base; Crowley 1 - Ellesmere Island 2
BOTTOM OF THE 8TH
Ellesmere Island Snowpeople batting - Pitching for Crowley Cajuns : LHP Gertjan van Hulst
Batting: RHB Riemer Kila 0-0: Ball
1-0: Ball
2-0: Ball
3-0: Called Strike
3-1: Called Strike
3-2: SINGLE (Groundball, 34D)
Pitching: RHP José Antonio López
Batting: RHB Magtanggol Florencio 0-0: Ball
1-0: Foul Ball, location: 2F
1-1: Called Strike
1-2: Fielders Choice at 2nd, 4-6 (Groundball, 4M)
Batting: RHB Anass Balfakir 0-0: Ball
1-0: Ball
2-0: SINGLE (Line Drive, 89S)
Magtanggol Florencio to second
Runner from 2nd tries for 3rd, SAFE, no throw
Batting: RHB Ryung Jae-Wook 0-0: Ball
1-0: Swinging Strike
1-1: Called Strike
1-2: SINGLE (Line Drive, 89S)
Magtanggol Florencio scores
Anass Balfakir to second
Runner from 2nd tries for 3rd, SAFE, no throw
Pinch Hitting: LHB Basava Puri 0-0: Ball
1-0: Called Strike
1-1: Ball
2-1: Called Strike
2-2: Ball
3-2: Base on Balls
Ryung Jae-Wook to second
Batting: RHB Wen Chua 0-0: Called Strike
0-1: Called Strike
0-2: Foul Ball, location: 2F
0-2: Foul Ball, location: 2F
0-2: Ball
1-2: Ball
2-2: Ball
3-2: Base on Balls
Anass Balfakir scores
Ryung Jae-Wook to third
Basava Puri to second
Batting: SHB Danny Bird 0-0: Foul Ball, location: 2F
0-1: Foul Ball, location: 2F
0-2: Grounds into fielders choice 1-2 (Groundball, 13S)
Basava Puri to third
Wen Chua to second
Batting: SHB Armond Buonaiuti 0-0: Ball
1-0: Foul Ball, location: 2F
1-1: Ball
2-1: Ground out 1-3 (Groundball, 13S)
Bottom of the 8th over - 2 runs, 3 hits, 0 errors, 3 left on base; Crowley 1 - Ellesmere Island 4
TOP OF THE 9TH
Crowley Cajuns batting - Pitching for Ellesmere Island Snowpeople : RHP George Kipcak
Pitching: RHP Omar Morales
Now in CF: Basava Puri
Batting: RHB Rich Stevens 0-0: Foul Ball, location: 2F
0-1: Called Strike
0-2: Ball
1-2: Foul Ball, location: 2F
1-2: Strikes out swinging
Batting: SHB Eric Thomas 0-0: TRIPLE (Line Drive, 78XD)
Batting: RHB Lawrence Stokes 0-0: Foul Ball, location: 2F
0-1: Called Strike
0-2: Foul Ball, location: 2F
0-2: Foul Ball, location: 2F
0-2: Ball
1-2: Ball
2-2: Foul Ball, location: 2F
2-2: Foul Ball, location: 2F
2-2: Ball
3-2: Strikes out looking
Batting: LHB Weston Doyle 0-0: Ball
1-0: Ball
2-0: Called Strike
2-1: Swinging Strike
2-2: 2-RUN HOME RUN (Flyball, 9LD), Distance : 344 ft
Batting: RHB Dane Bernstine 0-0: Ball
1-0: Called Strike
1-1: Foul Ball, location: 2F
1-2: SINGLE (Groundball, 4MS) (infield hit)
Pinch Hitting: RHB Timo Zwiefelhofer 0-0: Foul Ball, location: 2F
0-1: Called Strike
0-2: Ball
1-2: SINGLE (Groundball, 4MD)
Dane Bernstine to second
Pinch Runner at 2nd John Bernard:
Batting: RHB Juan Mateo 0-0: Called Strike
0-1: Foul Ball, location: 2F
0-2: Ball
1-2: Fielders Choice at 2nd, 6-4 (Groundball, 6)
Top of the 9th over - 2 runs, 4 hits, 0 errors, 2 left on base; Crowley 3 - Ellesmere Island 4
Wednesday, September 19th, 2018 - OOTP Baseball 18.8 Build 76